[Event "Titled Tuesday Blitz August 1 Late 2023"]
[White "Bortnyk, Olexandr"]
[Black "Pakleza, Zbigniew"]
[WhiteFideId "14120828"]
[BlackFideId "1119290"]
[WhiteElo "3069"]
[BlackElo "2790"]
[Result "1/2-1/2"]
[Round "6"]
[TimeControl "180+1"]
[Date "2023.08.01"]
[WhiteClock "0:00:02"]
[BlackClock "0:00:04"]
[Board "4"]

1. e4 d6 2. g3 Nf6 3. Bg2 c6 4. d4 e5 5. Ne2 Nbd7 6. O-O Be7 7. f4 O-O 8. c3 Re8 9. Nd2 Bf8 10. Qc2 a5 11. a4 b6 12. Nf3 Ba6 13. Re1 Qc7 14. Kh1 Ng4 15. Kg1 g6 16. h3 Ngf6 17. g4 Bg7 18. Ng3 c5 19. g5 cxd4 20. gxf6 Nxf6 21. fxe5 dxe5 22. Qf2 dxc3 23. bxc3 Nd7 24. Be3 Rac8 25. Red1 Nc5 26. Bxc5 Qxc5 27. Qxc5 Rxc5 28. Rd6 Rxc3 29. Rxb6 Bc8 30. Rb5 Bxh3 31. Bxh3 Rxf3 32. Kg2 Rc3 33. Ra2 Ra8 34. Nf1 h5 35. Nd2 Bf8 36. Nf3 Bb4 37. Rxe5 Rd8 38. Rf2 Rdd3 39. Rd5 Rxd5 40. exd5 Rd3 41. Ne5 Rxd5 42. Nxf7 Kg7 43. Be6 Rd2 44. Rxd2 Bxd2 45. Nd6 Bb4 46. Ne4 Kh6 47. Kf3 g5 48. Bf7 Be7 49. Be8 Bd8 50. Bd7 g4+ 51. Kf4 Bc7+ 52. Ke3 Kg6 53. Be8+ Kh6 54. Bd7 Bb6+ 55. Kf4 Bc7+ 56. Ke3 1/2-1/2


[Site "https://www.chess.com"]

[Event "Titled Tuesday Blitz August 1 Late 2023"]
[White "Andreikin, Dmitry"]
[Black "Matlakov, Maxim"]
[WhiteFideId "4158814"]
[BlackFideId "4168003"]
[WhiteElo "3053"]
[BlackElo "2970"]
[Result "1/2-1/2"]
[Round "6"]
[TimeControl "180+1"]
[Date "2023.08.01"]
[WhiteClock "0:00:13"]
[BlackClock "0:00:13"]
[Board "5"]

1. d4 Nf6 2. c4 e6 3. Nf3 d5 4. Bg5 dxc4 5. e4 c5 6. Nc3 cxd4 7. Qxd4 Qxd4 8. Nxd4 a6 9. Bxc4 b5 10. Be2 Bb7 11. f3 Nbd7 12. Nb3 Rc8 13. O-O Bb4 14. Rac1 O-O 15. a3 Be7 16. Rfd1 Ne5 17. Na5 Ba8 18. Bf4 Nc6 19. Nxc6 Bxc6 20. Na2 Bb7 21. Kf2 g5 22. Bd6 Bxd6 23. Rxd6 Rxc1 24. Nxc1 Rc8 25. Nb3 Bxe4 26. Rxa6 Bd5 27. Nd4 h5 28. Rb6 e5 29. Nf5 Rc2 30. Ne3 Rxb2 31. Rxf6 Be6 32. Rh6 h4 33. g3 Kg7 34. Rh5 f6 35. gxh4 Bf7 36. Nf5+ Kg6 37. Ng3 Bc4 38. Rh8 Kg7 39. Rh5 Kg6 40. Rh8 Kg7 41. Rc8 gxh4 42. Nf5+ Kg6 43. Ne7+ Kf7 44. Rxc4 bxc4 45. Nd5 Ke6 46. Nc3 Rc2 47. Nd1 c3 48. Ke3 Rxe2+ 49. Kxe2 c2 50. Kd2 cxd1=Q+ 51. Kxd1 Kd5 52. Kd2 Kc4 53. Kc2 f5 54. h3 Kd4 55. Kd2 Kc4 56. Kc2 Kd4 57. Kd2 Kc4 58. a4 Kb4 59. Kd3 Kxa4 60. Kc4 e4 61. fxe4 fxe4 62. Kd4 Kb5 63. Kxe4 Kc6 64. Kf4 Kd7 65. Kg4 Ke8 66. Kxh4 Kf8 67. Kg5 Kg8 68. h4 Kh8 69. h5 Kg8 70. h6 Kh8 71. Kg6 Kg8 72. h7+ Kh8 73. Kh6 1/2-1/2


[Site "https://www.chess.com"]

[Event "Titled Tuesday Blitz August 1 Late 2023"]
[White "Grigoriants, Sergey"]
[Black "Sargsyan, Shant"]
[WhiteFideId "4130804"]
[BlackFideId "13306766"]
[WhiteElo "2851"]
[BlackElo "2983"]
[Result "1-0"]
[Round "6"]
[TimeControl "180+1"]
[Date "2023.08.01"]
[WhiteClock "0:00:48"]
[BlackClock "0:00:45"]
[Board "6"]

1. d4 g6 2. e4 Nf6 3. e5 Nh5 4. Nf3 d6 5. Be2 Bg7 6. O-O dxe5 7. Nxe5 Bxe5 8. dxe5 Qxd1 9. Rxd1 Nc6 10. Nc3 Be6 11. Nb5 Rc8 12. Bf3 Bd7 13. Bh6 a6 14. Bxc6 bxc6 15. Nc3 Bf5 16. h3 g5 17. g4 Bxc2 18. Rd2 Nf4 19. Rxc2 Rg8 20. h4 f6 21. exf6 exf6 22. Ne4 Kf7 23. hxg5 fxg5 24. Nxg5+ Rxg5 25. Bxg5 Nh3+ 26. Kg2 Nxg5 27. Rxc6 Ne6 28. Re1 Nf4+ 29. Kg3 Nd3 30. Rh1 Kg7 31. Rxa6 Nxb2 32. Rah6 Rh8 33. Rc6 Rc8 34. Rhc1 Ra8 35. Rxc7+ 1-0


[Site "https://www.chess.com"]

[Event "Titled Tuesday Blitz August 1 Late 2023"]
[White "Harshavardhan G B"]
[Black "Aronian, Levon"]
[WhiteFideId "25059009"]
[BlackFideId "13300474"]
[WhiteElo "2874"]
[BlackElo "3038"]
[Result "1-0"]
[Round "6"]
[TimeControl "180+1"]
[Date "2023.08.01"]
[WhiteClock "0:00:25"]
[BlackClock "0:00:40"]
[Board "7"]

1. d4 Nf6 2. c4 g6 3. Nc3 Bg7 4. e4 O-O 5. Nf3 d6 6. Be2 c5 7. d5 e6 8. h3 exd5 9. exd5 a6 10. a4 b6 11. O-O Nbd7 12. Re1 Qc7 13. Bf4 Ne8 14. Qd2 Ne5 15. Bh6 f6 16. Bxg7 Nxg7 17. Nh2 Nf5 18. f4 Nd7 19. Nf3 Ng7 20. Bd3 f5 21. Re7 Qd8 22. Rae1 Nf6 23. R7e2 h6 24. b3 Ra7 25. Nh4 Kh7 26. g4 Ne4 27. Nxe4 Qxh4 28. Nxd6 Qxh3 29. Nxc8 Rxc8 30. gxf5 gxf5 31. Rh2 Qg4+ 32. Rg2 Qh4 33. Qf2 Qf6 34. Qb2 Qf7 35. Re3 Re8 36. Rxe8 Qxe8 37. Qe5 Re7 38. Bxf5+ Kh8 39. Be6 Qh5 40. Qxh5 Nxh5 41. f5 Nf6 42. d6 Ra7 43. Rg6 Nd7 44. f6 Ne5 45. Rxh6+ Rh7 46. Rxh7+ Kxh7 47. d7 Nc6 48. Bd5 Nd8 49. Kf2 Kg6 50. f7 1-0


[Site "https://www.chess.com"]

[Event "Titled Tuesday Blitz August 1 Late 2023"]
[White "Pranav, V"]
[Black "Tsaruk, Maksim"]
[WhiteFideId "25060783"]
[BlackFideId "13511173"]
[WhiteElo "3015"]
[BlackElo "2745"]
[Result "1-0"]
[Round "6"]
[TimeControl "180+1"]
[Date "2023.08.01"]
[WhiteClock "0:00:03"]
[BlackClock "0:00:00"]
[Board "8"]

1. e4 e5 2. Nf3 Nc6 3. Bb5 a6 4. Ba4 Nf6 5. O-O Be7 6. Re1 b5 7. Bb3 O-O 8. h3 d6 9. c3 Nb8 10. d4 Nbd7 11. Nbd2 Bb7 12. Bc2 Re8 13. Nf1 Bf8 14. Ng3 g6 15. Bg5 h6 16. Bd2 Bg7 17. a4 c6 18. Be3 Nb6 19. b3 bxa4 20. bxa4 Nc4 21. Bc1 d5 22. Rb1 Qc7 23. dxe5 Nxe4 24. Nxe4 dxe4 25. Rxe4 Nxe5 26. Nxe5 Rxe5 27. Bf4 Rd8 28. Qf1 Bc8 29. Rbe1 Rde8 30. Bxe5 Rxe5 31. Rxe5 Bxe5 32. Qe2 Bxc3 33. Qe8+ Kg7 34. Re7 Qf4 35. g3 Qc1+ 36. Kg2 Bxh3+ 37. Kh2 Be6 38. Rxe6 Qxc2 39. Re2 Qf5 40. Kg1 c5 41. Qc6 Bd4 42. Qxa6 Qb1+ 43. Kg2 Qf5 44. Qc4 Qc8 45. Qd5 Qa6 46. Re7 Qf6 47. Re2 Qa6 48. Ra2 Qa5 49. Qc6 h5 50. Re2 Qa7 51. Re8 Bf6 52. Ra8 Qe7 53. a5 Bd4 54. a6 Qe2 55. Qf3 Qa2 56. Ra7 Kh6 57. Rxf7 1-0


[Site "https://www.chess.com"]

[Event "Titled Tuesday Blitz August 1 Late 2023"]
[White "Grischuk, Alexander"]
[Black "Krishna C R G"]
[WhiteFideId "4126025"]
[BlackFideId "5018625"]
[WhiteElo "2999"]
[BlackElo "2723"]
[Result "1-0"]
[Round "6"]
[TimeControl "180+1"]
[Date "2023.08.01"]
[WhiteClock "0:00:04"]
[BlackClock "0:00:08"]
[Board "9"]

1. Nf3 f5 2. d4 Nf6 3. Bf4 d6 4. e3 g6 5. h3 Bg7 6. Be2 O-O 7. O-O e6 8. c4 Qe7 9. Nc3 Nc6 10. Bh2 Nd8 11. Rc1 Nf7 12. c5 Bd7 13. b4 e5 14. cxd6 cxd6 15. dxe5 dxe5 16. Bc4 Be6 17. Bxe6 Qxe6 18. Qb3 Qxb3 19. axb3 Rfe8 20. Nb5 Re7 21. Rfd1 Ne4 22. Nd2 Nxd2 23. Rxd2 a6 24. Na3 b5 25. Rc6 Bf8 26. Nc2 Raa7 27. Rd3 Rec7 28. Rdc3 Rd7 29. Bg3 g5 30. f3 f4 31. exf4 exf4 32. Bf2 Ra8 33. Nd4 Rad8 34. Ne6 Re8 35. Nxf8 Rxf8 36. Rxa6 Re8 37. Ra1 Rd2 38. Re1 Rxe1+ 39. Bxe1 Rb2 40. Rc8+ 1-0


[Site "https://www.chess.com"]

[Event "Titled Tuesday Blitz August 1 Late 2023"]
[White "Jaracz, Pawel"]
[Black "Xiong, Jeffery"]
[WhiteFideId "1102222"]
[BlackFideId "2047640"]
[WhiteElo "2718"]
[BlackElo "2987"]
[Result "1-0"]
[Round "6"]
[TimeControl "180+1"]
[Date "2023.08.01"]
[WhiteClock "0:00:04"]
[BlackClock "0:00:04"]
[Board "10"]

1. e4 c5 2. Nf3 Nc6 3. Bb5 d6 4. O-O Bd7 5. Re1 Nf6 6. c3 a6 7. Ba4 b5 8. Bc2 Bg4 9. d3 Bxf3 10. Qxf3 e6 11. Qg3 Nh5 12. Qh3 Nf6 13. Nd2 Be7 14. f4 O-O 15. Nf3 b4 16. Ba4 Rc8 17. Bd2 Qb6 18. Kh1 Nd7 19. f5 exf5 20. exf5 Bf6 21. Ng5 h6 22. Ne4 Nce5 23. Bf4 Kh7 24. g4 bxc3 25. bxc3 c4 26. Bxd7 Nxd7 27. g5 Qc6 28. gxf6 Nxf6 29. Qg2 Nd5 30. Bd2 cxd3 31. f6 Rg8 32. Rg1 Rce8 33. c4 Nb4 34. Rae1 Qxc4 35. fxg7 Nd5 36. Qh3 1-0


[Site "https://www.chess.com"]

[Event "Titled Tuesday Blitz August 1 Late 2023"]
[White "Martinez Alcantara, Jose Eduardo"]
[Black "only_strong_moves"]
[WhiteFideId "3805662"]
[WhiteElo "2976"]
[BlackElo "2717"]
[Result "1-0"]
[Round "6"]
[TimeControl "180+1"]
[Date "2023.08.01"]
[WhiteClock "0:01:18"]
[BlackClock "0:00:02"]
[Board "11"]

1. e4 e5 2. Nf3 Nc6 3. Nc3 Nf6 4. h3 Bc5 5. Nxe5 Nxe5 6. d4 Bd6 7. dxe5 Bxe5 8. Bd3 d5 9. Nxd5 Nxd5 10. exd5 Qxd5 11. O-O Be6 12. Re1 O-O-O 13. Qe2 Bd4 14. Be3 Bxb2 15. Rab1 Bc3 16. Ba6 Bxe1 17. Bxb7+ Qxb7 18. Rxb7 Kxb7 19. Qxe1 Rd6 20. Qa5 a6 21. a3 Rhd8 22. Kh2 Kc8 23. Qc5 Kd7 24. Bf4 Rc6 25. Qd4+ Kc8 26. Qxg7 Rxc2 27. Be3 Ra2 28. Qc3 Rd6 29. Bf4 Rd7 30. Qc6 Kd8 31. Bg5+ Re7 32. Qc5 1-0


[Site "https://www.chess.com"]

[Event "Titled Tuesday Blitz August 1 Late 2023"]
[White "nickVet"]
[Black "Sjugirov, Sanan"]
[BlackFideId "4189302"]
[WhiteElo "2706"]
[BlackElo "2948"]
[Result "0-1"]
[Round "6"]
[TimeControl "180+1"]
[Date "2023.08.01"]
[WhiteClock "0:00:19"]
[BlackClock "0:00:05"]
[Board "12"]

1. e4 c6 2. d4 d5 3. Nc3 dxe4 4. Nxe4 Nf6 5. Qd3 g6 6. Nxf6+ exf6 7. c3 Be6 8. Nh3 Bd6 9. Bh6 Nd7 10. O-O-O Qa5 11. a3 O-O-O 12. Bf4 Nb6 13. Bxd6 Rxd6 14. Nf4 Bb3 15. Re1 Rhd8 16. Qh3+ Kb8 17. Nd3 Nc4 18. Be2 Rxd4 19. Nc5 Qxc5 20. cxd4 Qg5+ 21. Kb1 Nd2+ 22. Ka1 Bd5 23. Qg3+ Qxg3 24. hxg3 Nb3+ 25. Kb1 Nxd4 26. Bf3 Nxf3 27. gxf3 h5 28. Re7 Bxf3 29. Rhe1 Bd5 30. Re8 Kc7 31. R1e7+ Rd7 32. Rxd7+ Kxd7 33. Ra8 a6 34. Kc2 c5 35. Kd3 Ke6 36. Rc8 Kd6 37. Ke3 Bc6 38. Rf8 Ke7 39. Rc8 Kd7 40. Rf8 Ke7 41. Rc8 f5 42. Kf4 Kf6 43. Rc7 g5+ 44. Ke3 h4 45. gxh4 gxh4 46. Rc8 Kg7 47. Kf4 h3 48. Kg3 f4+ 49. Kxh3 Bd7+ 0-1


[Site "https://www.chess.com"]

[Event "Titled Tuesday Blitz August 1 Late 2023"]
[White "He, Anthony"]
[Black "Volkov, Maksim"]
[WhiteFideId "2088215"]
[BlackFideId "54123070"]
[WhiteElo "2940"]
[BlackElo "2705"]
[Result "1-0"]
[Round "6"]
[TimeControl "180+1"]
[Date "2023.08.01"]
[WhiteClock "0:00:40"]
[BlackClock "0:00:13"]
[Board "13"]

1. d4 d5 2. Nc3 Nf6 3. Bf4 a6 4. e3 e6 5. g4 c5 6. g5 Nfd7 7. Nf3 Nc6 8. h4 b5 9. h5 b4 10. Ne2 h6 11. g6 f5 12. Bh3 Nf6 13. Ng3 Bd6 14. Ne5 Bxe5 15. dxe5 Nd7 16. e4 dxe4 17. Qd6 Nd4 18. c3 bxc3 19. bxc3 Nf3+ 20. Ke2 Qe7 21. Qc6 Rb8 22. Bxf5 Rb2+ 23. Ke3 Bb7 24. Qxe6 Nfxe5 25. Rab1 Rxb1 26. Rxb1 Qxe6 27. Bxe6 Bc6 28. Bxe5 Nxe5 29. Rb8+ Ke7 30. Rxh8 Kxe6 31. Nxe4 Nc4+ 32. Kf4 Bxe4 33. Kxe4 Nd6+ 34. Kf4 Nb5 35. Rh7 Kf6 36. c4 Nd6 37. Rh8 Nxc4 38. Rc8 Ne5 39. Ke4 c4 40. f4 Nd3 41. Rc6+ Ke7 42. Rc7+ Kf6 43. Rxc4 Nf2+ 44. Kf3 Nd3 45. Rc6+ Kf5 46. Rxa6 Nb4 47. Ra5+ Kf6 48. a3 Nc2 49. a4 Nd4+ 50. Ke4 1-0


[Site "https://www.chess.com"]

[Event "Titled Tuesday Blitz August 1 Late 2023"]
[White "Schnaider, Ilan"]
[Black "Demidov, Mikhail"]
[WhiteFideId "169013"]
[BlackFideId "4197143"]
[WhiteElo "2699"]
[BlackElo "2934"]
[Result "0-1"]
[Round "6"]
[TimeControl "180+1"]
[Date "2023.08.01"]
[WhiteClock "0:00:05"]
[BlackClock "0:00:09"]
[Board "14"]

1. e4 g6 2. d4 Bg7 3. Nc3 a6 4. a4 d6 5. f4 Nf6 6. Bd3 Bg4 7. Qd2 O-O 8. h3 Bd7 9. Nf3 Nc6 10. Qf2 Nb4 11. O-O b5 12. Bd2 bxa4 13. e5 Nxd3 14. cxd3 Ne8 15. Nxa4 Rb8 16. Be3 Bb5 17. Rfd1 c6 18. Nc3 Nc7 19. f5 gxf5 20. Nh4 e6 21. exd6 Qxd6 22. d5 Nxd5 23. Bc5 Qd7 24. Bxf8 Rxf8 25. Nxb5 axb5 26. Nf3 Nf4 27. Qe3 Ng6 28. d4 Rd8 29. Kh1 Qd6 30. Qe2 Bf6 31. Ne5 Qc7 32. Rac1 Rd6 33. Nxg6 hxg6 34. Qxb5 Bxd4 35. Qb4 e5 36. Qc4 Kg7 37. b4 Qe7 38. Re1 Re6 39. b5 cxb5 40. Qxb5 Qg5 41. Rcd1 Rb6 42. Qd5 Qf6 43. Re2 Rd6 44. Qc4 Rc6 45. Qd5 Rc5 46. Qb3 e4 47. Red2 Be5 48. Rd7 f4 49. Rb7 f3 50. Rdd7 Rc1+ 51. Rd1 fxg2+ 52. Kxg2 Qf3+ 53. Qxf3 exf3+ 54. Kxf3 Rxd1 55. Rb5 Bf6 56. Kg2 Rd6 57. Kg3 Re6 58. Kg4 Be7 59. Kf3 f5 60. Kg3 Kf6 61. h4 Bd6+ 62. Kf3 Be7 63. Kg3 Rc6 64. Kf3 Bd6 65. Rb7 Rc3+ 66. Kg2 Rc4 67. Kh3 Rd4 68. h5 gxh5 69. Kg2 h4 70. Kh3 Be5 71. Rf7+ Kxf7 72. Kg2 Kf6 73. Kh3 Kg5 74. Kg2 Kg4 75. Kh1 Rd2 76. Kg1 Kg3 77. Kf1 Bf4 78. Ke1 h3 79. Kf1 h2 0-1


[Site "https://www.chess.com"]

[Event "Titled Tuesday Blitz August 1 Late 2023"]
[White "Hakobyan, Aram"]
[Black "Kuzmicz, Krystian"]
[WhiteFideId "13306677"]
[BlackFideId "1119125"]
[WhiteElo "2928"]
[BlackElo "2694"]
[Result "1/2-1/2"]
[Round "6"]
[TimeControl "180+1"]
[Date "2023.08.01"]
[WhiteClock "0:00:10"]
[BlackClock "0:00:18"]
[Board "15"]

1. d4 g6 2. e4 Bg7 3. Nc3 d5 4. Nxd5 c6 5. Ne3 Qxd4 6. Qxd4 Bxd4 7. Nf3 Bg7 8. Bc4 Nf6 9. e5 Ng4 10. e6 Bxe6 11. Bxe6 Nxe3 12. Bxf7+ Kxf7 13. fxe3 e6 14. O-O Ke7 15. e4 Nd7 16. Bg5+ Bf6 17. Bf4 e5 18. Be3 Rhf8 19. Rad1 Rad8 20. Rd3 b6 21. Rfd1 Nb8 22. Nxe5 Rxd3 23. Nxd3 Nd7 24. b3 c5 25. Nf4 Be5 26. g3 Nf6 27. Nd5+ Nxd5 28. exd5 Rf3 29. Re1 Kd6 30. c4 a6 31. Kg2 Rf7 32. Rf1 Rb7 33. Bf4 b5 34. Re1 Bxf4 35. Re6+ Kd7 36. gxf4 bxc4 37. bxc4 Rb4 38. Rxa6 Rxc4 39. Kg3 Rc2 40. a4 c4 41. a5 c3 42. Rc6 Ra2 43. a6 c2 44. Kg4 Rxa6 45. Rxc2 Ra5 46. Rb2 Rxd5 47. Rb7+ Ke6 48. Rxh7 Kf6 49. Ra7 Rd1 50. Ra6+ Kg7 51. Ra3 Rh1 52. Kg3 Rg1+ 53. Kf2 Rb1 54. h3 Rc1 55. Re3 Kf6 56. Kg3 Rg1+ 57. Kf3 Rf1+ 58. Ke4 Rh1 59. Rb3 Re1+ 60. Kf3 Rf1+ 61. Kg3 Rg1+ 62. Kf2 Rh1 63. Kg2 Ra1 64. Rb5 Ra3 65. Rd5 Rb3 66. Rc5 Ra3 67. Rg5 Rb3 68. Rg3 Rb2+ 69. Kf3 Kf5 70. Rg5+ Kf6 71. Re5 Rb1 72. Re2 Rf1+ 73. Ke4 Rh1 74. Re3 Rh2 75. Rg3 Re2+ 76. Kf3 Re1 77. Kg4 Rf1 78. h4 Rh1 79. Rg2 Rf1 80. Rb2 Rg1+ 81. Kf3 Rh1 82. Rb6+ Kg7 83. Kg3 Rg1+ 84. Kf3 Rh1 85. Ke4 Rxh4 86. Rb7+ Kf6 87. Rb6+ Kf7 88. Ke5 Rh5+ 89. Ke4 Ra5 90. Rb7+ Kf6 91. Rb6+ Kf7 92. Kf3 Ra1 93. Ke3 Re1+ 94. Kf2 Ra1 95. Kg3 Rg1+ 96. Kf3 Rf1+ 97. Kg4 Rg1+ 98. Kf3 Rf1+ 99. Ke4 Re1+ 100. Kd4 Rd1+ 101. Ke5 Re1+ 102. Kd5 Rf1 103. Ke4 Re1+ 104. Kf3 Rf1+ 1/2-1/2


[Site "https://www.chess.com"]

[Event "Titled Tuesday Blitz August 1 Late 2023"]
[White "Aravindh, Chithambaram VR."]
[Black "Morefield, Jason"]
[WhiteFideId "5072786"]
[BlackFideId "30920825"]
[WhiteElo "2895"]
[BlackElo "2683"]
[Result "0-1"]
[Round "6"]
[TimeControl "180+1"]
[Date "2023.08.01"]
[WhiteClock "0:00:00"]
[BlackClock "0:00:07"]
[Board "16"]

1. e3 e5 2. d4 exd4 3. exd4 d5 4. Nf3 Nf6 5. Bd3 Bd6 6. O-O O-O 7. Bg5 h6 8. Bh4 Bg4 9. Nbd2 Nbd7 10. c3 Re8 11. Qc2 Nf8 12. Rae1 Rxe1 13. Rxe1 g5 14. Bg3 Bxg3 15. hxg3 Qd6 16. Ne5 Be6 17. f4 Kg7 18. fxg5 hxg5 19. Ndf3 N6h7 20. Kf2 f6 21. Bxh7 fxe5 22. Nxe5 Nxh7 23. Qg6+ Kh8 24. Rh1 Rf8+ 25. Ke3 Bg8 26. Qxd6 cxd6 27. Ng6+ Kg7 28. Nxf8 Nxf8 29. a4 Bh7 30. a5 Be4 31. c4 Bxg2 32. Rh2 Be4 33. b4 Bf5 34. c5 dxc5 35. bxc5 Bd7 36. Rb2 Bc6 37. Rf2 a6 38. Kd3 Nd7 39. Rf5 Kg6 40. Rf2 Nf6 41. Kc2 Ne4 42. Rf3 g4 43. Re3 Kf5 44. Kd1 Bb5 45. Ke1 Bc6 46. Ke2 Ng5 47. Re5+ Kf6 48. Ke3 Ne6 49. Rh5 Kg6 50. Re5 Kf6 51. Rh5 Ng7 52. Rh6+ Kg5 53. Rh7 Nf5+ 54. Kd3 Nxg3 55. Rg7+ Kf4 56. Rf7+ Nf5 57. Ke2 Ke4 58. Rf6 g3 59. Kf1 Nxd4 60. Kg2 Nb3 61. Re6+ Kd4 62. Kxg3 Kxc5 63. Kf2 Nxa5 64. Ke1 Nc4 65. Ke2 a5 66. Kd3 a4 67. Re1 a3 68. Kc3 b5 69. Kb3 b4 70. Re7 Na5+ 71. Ka2 Bb5 72. Rc7+ Kb6 73. Rc8 Bc4+ 74. Kb1 b3 75. Kc1 b2+ 76. Kc2 Bd3+ 77. Kxd3 b1=Q+ 78. Kd4 Nc6+ 79. Ke3 Qe4+ 80. Kd2 Qf4+ 81. Kc3 Qg3+ 82. Kd2 Qh2+ 83. Kc3 Qh3+ 84. Kd2 Qxc8 0-1


[Site "https://www.chess.com"]

[Event "Titled Tuesday Blitz August 1 Late 2023"]
[White "Perez Ponsa, Federico"]
[Black "Papp, Levente"]
[WhiteFideId "117927"]
[BlackFideId "751243"]
[WhiteElo "2878"]
[BlackElo "2682"]
[Result "1-0"]
[Round "6"]
[TimeControl "180+1"]
[Date "2023.08.01"]
[WhiteClock "0:00:06"]
[BlackClock "0:00:00"]
[Board "17"]

1. e4 e6 2. d4 d5 3. Nc3 Bb4 4. Ne2 Nc6 5. a3 Bxc3+ 6. Nxc3 dxe4 7. Bf4 Nf6 8. Bb5 Bd7 9. d5 exd5 10. Nxd5 Nxd5 11. Qxd5 O-O 12. O-O-O Qf6 13. Qxe4 Rfe8 14. Qf3 Nd4 15. Rxd4 Qxd4 16. Rd1 Qxd1+ 17. Qxd1 Bxb5 18. Bxc7 Rac8 19. Qd6 Re6 20. Qc5 a6 21. Qa7 Rc6 22. Bf4 Rxc2+ 23. Kb1 Bd3 24. Ka2 Bc4+ 25. Kb1 Bd5 26. Qd4 Be6 27. Bd2 R2c4 28. Qe5 R4c5 29. Qg3 f6 30. Bc3 Kf7 31. Qh4 h6 32. Qb4 R8c7 33. h3 Rd5 34. Qf4 Rcd7 35. Kc2 Rf5 36. Qe3 Rg5 37. g4 Rb5 38. b4 a5 39. f3 axb4 40. Bxb4 Rc7+ 41. Kb2 Rd5 42. h4 Rcd7 43. g5 Rd3 44. Qf4 R3d4 45. Qe3 Bf5 46. gxf6 gxf6 47. Qxh6 Rd3 48. Bc3 R7d6 49. Qf4 Bg6 50. h5 Bxh5 51. Qc4+ Kg6 52. Qe4+ Kf7 53. Bb4 R6d5 54. Qh7+ Ke6 55. Qg8+ Kf5 56. Qh7+ Kf4 57. Qe4+ Kg3 58. Bc3 Bxf3 59. Be1+ Kg2 60. Qg6+ Kf1 61. Qg3 Rd2+ 62. Bxd2 Rxd2+ 63. Kc3 Rf2 64. Qh3+ Ke2 65. Qe6+ Kd1 66. Qxf6 Rc2+ 67. Kb4 Ke2 68. Qe5+ Kf2 69. Qd4+ Ke2 70. a4 Rd2 71. Qe5+ Kf2 72. a5 Rd3 73. Qh2+ Ke3 74. Qg1+ Ke2 75. Qc1 Rd4+ 76. Kc5 Rd5+ 77. Kb6 Rd6+ 78. Ka7 Ra6+ 79. Kb8 Rd6 80. Qc2+ Rd2 81. Qc4+ Rd3 82. Qc5 Rd2 83. Qb5+ Rd3 84. Qb6 Rd2 85. Qe6+ Kd1 86. Qe3 Bc6 87. Qb3+ Rc2 88. Qd3+ Kc1 89. Qf1+ Kb2 90. Qf6+ Rc3 91. Qe5 Kb3 92. Qd6 Rc4 93. Ka7 Kc3 94. Qa3+ Kd2 95. Qb2+ Rc2 96. Qd4+ Ke2 97. Qe5+ Kd2 98. Qd6+ Ke2 99. Qe6+ Kd2 100. Qh6+ Ke2 101. Qg5 Rc3 102. Qe5+ Re3 103. Qb2+ Kf3 104. a6 bxa6 105. Qf6+ Ke2 106. Qxc6 a5 107. Qb5+ Rd3 108. Qxa5 Re3 109. Qb5+ Rd3 110. Qc4 Kd2 111. Kb6 Rc3 112. Qf4+ Kc2 113. Kb5 Rb3+ 114. Ka4 Rd3 115. Qc4+ Kd2 116. Kb4 Ke2 117. Qg4+ Ke3 118. Kc4 Rd2 119. Qg3+ Ke2 120. Kc3 Rd1 121. Qg2+ Ke3 122. Qg5+ Ke2 123. Qg4+ Ke1 124. Kc2 Rd2+ 125. Kc1 Rf2 126. Qg1+ Ke2 127. Kc2 Kf3+ 128. Kd3 Rg2 129. Qe3+ Kg4 130. Ke4 Rg3 131. Qe2+ Kh3 132. Kf4 Rg8 133. Qh5+ Kg2 134. Qd5+ 1-0


[Site "https://www.chess.com"]

[Event "Titled Tuesday Blitz August 1 Late 2023"]
[White "Shtembuliak, Evgeny"]
[Black "Bjelobrk, Igor"]
[WhiteFideId "14113325"]
[BlackFideId "4300726"]
[WhiteElo "2875"]
[BlackElo "2670"]
[Result "0-1"]
[Round "6"]
[TimeControl "180+1"]
[Date "2023.08.01"]
[WhiteClock "0:00:01"]
[BlackClock "0:00:21"]
[Board "18"]

1. c4 b6 2. Nc3 Bb7 3. e4 e5 4. Nf3 Nc6 5. Be2 Bc5 6. O-O d6 7. d3 Nge7 8. Nd2 O-O 9. a3 a5 10. Nb3 f5 11. Nxc5 bxc5 12. exf5 Nxf5 13. Bf3 Rb8 14. Bd5+ Kh8 15. f4 exf4 16. Bxf4 Ncd4 17. Rf2 Bxd5 18. Nxd5 Rb3 19. Qd2 Ne6 20. Raf1 Nfd4 21. Bg5 Rxf2 22. Qxf2 Qg8 23. Ne7 Qe8 24. Bf6 Rb8 25. Bxd4 Nxd4 26. Nd5 c6 27. Nc3 h6 28. Ne4 Qe7 29. h3 a4 30. Kh1 Qe5 31. Nc3 Rb3 32. Re1 Qf5 33. Re8+ Kh7 34. Qxf5+ Nxf5 35. g4 Nd4 36. Nxa4 Rxd3 37. Kg2 Nf3 38. Re2 Ne5 39. Rc2 Ng6 40. Nb6 Nf4+ 41. Kf2 Nxh3+ 42. Ke2 Nf4+ 43. Kf2 Kg6 44. b3 Rxb3 45. Nc8 Rxa3 46. Nxd6 Kg5 47. Nf7+ Kxg4 48. Ne5+ Kf5 49. Nxc6 h5 50. Ne7+ Ke4 51. Rb2 g5 52. Rb8 Ra2+ 53. Kf1 h4 54. Nd5 Nxd5 55. Re8+ Kd4 56. cxd5 Kxd5 57. Rg8 h3 58. Rxg5+ Kc6 59. Rg6+ Kb5 60. Rh6 h2 61. Rh3 h1=Q+ 62. Rxh1 Ra1+ 63. Kg2 Rxh1 64. Kxh1 Kb4 0-1


[Site "https://www.chess.com"]

[Event "Titled Tuesday Blitz August 1 Late 2023"]
[White "Adewumi, Tanitoluwa"]
[Black "Maksimovic, Bojan"]
[WhiteFideId "30966396"]
[BlackFideId "14408120"]
[WhiteElo "2654"]
[BlackElo "2850"]
[Result "0-1"]
[Round "6"]
[TimeControl "180+1"]
[Date "2023.08.01"]
[WhiteClock "0:00:01"]
[BlackClock "0:00:08"]
[Board "19"]

1. e4 g6 2. d4 Nf6 3. e5 Nh5 4. Nc3 d6 5. f4 Ng7 6. Nf3 c6 7. Bd3 Bf5 8. Be2 Bg4 9. O-O Bxf3 10. Bxf3 d5 11. g4 h5 12. h3 hxg4 13. hxg4 f5 14. exf6 exf6 15. Be3 Na6 16. Qd3 Kf7 17. Rae1 Nc7 18. Kg2 Bd6 19. Ne2 Qd7 20. c4 Rae8 21. Nc3 Bb4 22. a3 Bxc3 23. bxc3 f5 24. g5 Re4 25. Rh1 Rxh1 26. Rxh1 Qe7 27. Bxe4 fxe4 28. Qe2 Qxa3 29. f5 gxf5 30. g6+ Kxg6 31. Rh6+ Kf7 32. Bg5 Nce6 33. Rf6+ Kg8 34. Bh6 Qxc3 35. cxd5 cxd5 36. Qb5 Qc2+ 37. Kg3 Qc6 38. Qxc6 bxc6 39. Bxg7 Nxg7 40. Rxc6 Kf7 41. Kf4 Ke7 42. Rc7+ Kf6 43. Rxa7 Ne6+ 44. Ke3 f4+ 45. Kf2 Nxd4 46. Rd7 Ke5 47. Re7+ Ne6 48. Rd7 e3+ 49. Kf3 Nd4+ 50. Kg2 Ke4 51. Re7+ Kf5 52. Rd7 Ke5 53. Re7+ Ne6 54. Kf3 d4 55. Rd7 Ng5+ 56. Kg4 e2 57. Kxg5 Ke6 58. Rd8 Ke7 59. Rxd4 e1=Q 60. Kxf4 Kf6 61. Rd6+ Ke7 62. Rd4 Qf2+ 63. Ke5 Qf6+ 64. Kd5 Qe6+ 65. Kc5 Qe5+ 66. Kc4 Ke6 67. Kd3 Qb5+ 68. Ke4 Qe2+ 69. Kf4 Qe5+ 0-1


[Site "https://www.chess.com"]

[Event "Titled Tuesday Blitz August 1 Late 2023"]
[White "Karaoglan, Doruk"]
[Black "Zierk, Steven"]
[WhiteFideId "6390927"]
[BlackFideId "2034255"]
[WhiteElo "2636"]
[BlackElo "2849"]
[Result "0-1"]
[Round "6"]
[TimeControl "180+1"]
[Date "2023.08.01"]
[WhiteClock "0:00:09"]
[BlackClock "0:00:13"]
[Board "20"]

1. e4 e6 2. d4 d5 3. Nd2 c5 4. Ngf3 cxd4 5. Nxd4 Nc6 6. Bb5 Bd7 7. Nxc6 bxc6 8. Bd3 Ne7 9. O-O Ng6 10. f4 Qc7 11. e5 c5 12. c4 Bc6 13. cxd5 exd5 14. Nf3 Be7 15. Qe1 c4 16. Bxg6 hxg6 17. Nd4 Rb8 18. Qf2 Bd7 19. Be3 Bf5 20. b3 O-O 21. bxc4 dxc4 22. h3 Bd3 23. Rfd1 Rfd8 24. Rac1 Qb7 25. e6 f6 26. f5 g5 27. h4 gxh4 28. Qxh4 Qe4 29. Qxe4 Bxe4 30. Rxc4 Bxf5 31. Nxf5 Rxd1+ 32. Kh2 Rb7 33. Rc8+ Kh7 34. Re8 Re1 35. Kg3 Ba3 36. Kf2 Rd1 37. Nd4 Bc5 38. Nc6 Bxe3+ 39. Kxe3 Re1+ 40. Kd2 Re4 41. Nd8 Rc7 42. Nf7 Kg6 43. Nd6 Rd4+ 0-1


[Site "https://www.chess.com"]

[Event "Titled Tuesday Blitz August 1 Late 2023"]
[White "Pichot, Alan"]
[Black "Wu, Rochelle"]
[WhiteFideId "110973"]
[BlackFideId "30908132"]
[WhiteElo "2838"]
[BlackElo "2628"]
[Result "1-0"]
[Round "6"]
[TimeControl "180+1"]
[Date "2023.08.01"]
[WhiteClock "0:00:40"]
[BlackClock "0:00:02"]
[Board "21"]

1. e4 c5 2. Nf3 d6 3. Nc3 Nc6 4. d4 cxd4 5. Nxd4 Nf6 6. Nd5 e6 7. Nxf6+ gxf6 8. Be3 Be7 9. Qh5 Bd7 10. O-O-O a6 11. f4 Qa5 12. Qxa5 Nxa5 13. Be2 Rc8 14. b3 Nc6 15. Bh5 Nxd4 16. Bxd4 Rg8 17. g3 Bc6 18. Rhe1 d5 19. exd5 Bxd5 20. Bxf6 Bxf6 21. Rxd5 Ke7 22. Bf3 Rc3 23. Bg2 Rgc8 24. Rd2 R3c7 25. Red1 Bc3 26. Re2 Kf8 27. Rd3 b6 28. Be4 Kg7 29. g4 Bb4 30. f5 e5 31. g5 f6 32. h4 Be7 33. Rg2 Kh8 34. g6 Bf8 35. h5 Bh6+ 36. Kb2 Bf4 37. Rd6 Be3 38. Rxf6 h6 39. Rf7 Rc3 40. Rh7+ Kg8 41. Bd5+ 1-0


[Site "https://www.chess.com"]